 Dungeon Crawl Stone Soup version 0.26-a0-1033-gd598b01645 (webtiles) character file.

Game seed: 4027557017105644241

14045 Morbidden the Carver (level 11, 0/84 HPs)
             Began as a Demonspawn Fighter on Dec 10, 2020.
             Was a High Priest of Vehumet.
             Slain by a vampire (7 damage)
             ... on level 12 of the Dungeon.
             The game lasted 00:29:09 (16977 turns).

Morbidden the Carver (Demonspawn Fighter)          Turns: 16977, Time: 00:29:09

Health: 0/84       AC: 16    Str: 14 (16) XL:     11   Next: 83%
Magic:  20/20      EV: 14    Int: 11 (12) God:    Vehumet [*****.]
Gold:   762        SH: 20    Dex: 12 (14) Spells: 13/22 levels left

rFire    . . .     SeeInvis .   S - +2 scimitar (freeze) (curse)
rCold    . . .     Faith    .   D - +0 tower shield
rNeg     . . .     Spirit   .   A - +0 troll leather armour
rPois    .         Reflect  +   (no helmet)
rElec    .         Harm     .   (no cloak)
rCorr    .         Rampage  .   k - +0 pair of gloves
Will     .....                  f - +0 pair of boots
Stlth    ++........             C - amulet of reflection
HPRegen  0.64/turn              w - ring of wizardry
MPRegen  0.17/turn              b - +4 ring of evasion

@: mighty, sanguine armour
A: powered by pain 2, spiny 1, sanguine armour 2
a: Renounce Religion


You were on level 12 of the Dungeon.
You worshipped Vehumet.
Vehumet was extremely pleased with you.
You visited 1 branch of the dungeon, and saw 12 of its levels.
You also visited: Bailey.

You collected 762 gold pieces.

Inventory:

Hand Weapons
 S - a cursed +2 scimitar of freezing (weapon)
Missiles
 l - 23 javelins (quivered)
 s - 30 poisoned darts
Armour
 f - a +0 pair of boots (worn)
 k - a +0 pair of gloves (worn)
 A - a +0 troll leather armour (worn)
 D - a +0 tower shield (worn)
 I - the +1 scale mail of the Well-Known Runes {rElec rN+ Dex+3}
   (You found it in a bailey)

   It affects your dexterity (+3).
   It insulates you from electricity.
   It protects you from negative energy.
 L - +0 steam dragon scales
Magical Staves
 J - an uncursed staff of fire
Jewellery
 b - a +4 ring of evasion (right hand)
 p - an uncursed ring of ice
 w - a ring of wizardry (left hand)
 x - an uncursed ring of wizardry
 C - an amulet of reflection (around neck)
 G - an uncursed ring of poison resistance
 H - an uncursed ring of fire
Wands
 N - a wand of disintegration (16)
 O - a wand of flame (15)
 Q - a wand of polymorph (19)
Scrolls
 e - 5 scrolls of identify
 g - 3 scrolls of teleportation
 h - 6 scrolls of remove curse
 i - 2 scrolls of fear {unknown}
 j - 5 scrolls of enchant weapon
 n - 3 scrolls of enchant armour {unknown}
 o - a scroll of magic mapping
 t - 2 scrolls of fog
 M - a scroll of amnesia
 P - a scroll of immolation {unknown}
 R - a scroll of vulnerability {unknown}
Potions
 c - a potion of mutation {unknown}
 m - a potion of resistance
 r - 2 potions of flight
 u - 2 potions of lignification {unknown}
 v - 2 potions of heal wounds {unknown}
 z - a potion of brilliance {unknown}
 B - a potion of haste
 E - a potion of degeneration
 F - a potion of attraction {unknown}
 K - 2 potions of cancellation {unknown}


   Skills:
 * Level 7.4 Fighting
 + Level 8.6 Long Blades
 + Level 2.7 Throwing
 + Level 5.3 Armour
 * Level 4.8 Dodging
 + Level 1.7 Stealth
 + Level 8.0 Shields
 * Level 6.0 Spellcasting
 * Level 6.1 Conjurations
 + Level 3.6 Air Magic
 * Level 1.9 Earth Magic


You had 13 spell levels left.
You knew the following spells:

 Your Spells              Type           Power        Failure   Level
a - Shock                 Conj/Air       ##..         3%          1
b - Searing Ray           Conj           ###...       3%          2
c - Iron Shot             Conj/Erth      ##........   98%         6

Your spell library contained the following spells:

 Spells                   Type           Power        Failure   Level
 Animate Skeleton         Necr           #.....       61%         1
 Pain                     Necr           #...         61%         1
 Vampiric Draining        Necr           #.........   91%         3
 Animate Dead             Necr           #.........   100%        4
 Agony                    Necr           #.......     100%        5


Dungeon Overview and Level Annotations

Branches:
Dungeon (12/15)            Temple (0/1) D:7            Lair (0/6) D:8
    Orc (0/2) D:9          Bailey (visited)

Altars:
Dithmenos
Elyvilon
Gozag
Kikubaaqudgha
Qazlal
Ru
Trog
Vehumet
Xom
The Shining One

Shops:
D:7 :

Annotations:
D:12 Maurice


Innate Abilities, Weirdness & Mutations

You sometimes gain power by taking damage.
You are partially covered in sharp spines.
When seriously injured, your bleeding wounds create thick armour. (AC +9)


Message History

Something draws strength from your injuries!
You hear a zap.
A puff of flame appears from out of thin air!
The puff of flame hits something!
Something closely misses you. Something bites you!
* * * LOW HITPOINT WARNING * * *
Something draws strength from your injuries!
You block something's attack. Something bites you but does no damage.
You block something's attack. x2
Something hits you!
* * * LOW HITPOINT WARNING * * *
You block something's attack.
Something picks up a +0 shortbow.
Something picks up 13 arrows.
Unknown command.
It was a potion of degeneration.
There was something very wrong with that liquid.
You feel weakened.
You feel dopey.
You feel clumsy. Something hits you!
You die...

....... #....
....... # #.#.#
(......##
#.#.#.#
..c..)§.#
#.#...# #(##
#.....# #..#
###.#.# #..#
###.#.# #..#
#...#.#
#..###§###@#
##.....###(####
#..##...#{...#
#.....#..)...#
#))>..#..##..#
#((.#.#.(....#
###...#...######
#.###.#.#....#
#.# #.#...##.#


There were no monsters in sight!

Vanquished Creatures
  3 two-headed ogres
  Pikel (D:8)
  An elephant (D:7)
  2 trolls
  Grinder (D:5)
  A meliai zombie (D:10)
  Sigmund (D:4)
  14 yaks
  A wyvern (D:9)
  Eustachio (D:4)
  Grum (D:11)
  A basilisk (D:8)
  A steam dragon (D:8)
  A warg (D:8)
  A soldier ant (D:11)
  An acid dragon (D:11)
  Edmund (D:4)
  2 water moccasins
  2 black bears
  3 ice beasts
  A sky beast (D:6)
  A necrophage (D:8)
  14 orc warriors
  2 eyes of draining (D:5)
  16 centaurs
  3 wolves (D:11)
  5 ogres
  3 big kobolds
  Blork the orc (D:4)
  4 bullfrogs
  3 scorpions
  7 wights
  5 howler monkeys
  2 centaur skeletons
  4 hounds
  A jelly (D:6)
  11 orc wizards
  A bullfrog zombie (D:9)
  7 orc priests
  2 iguanas (D:5)
  8 worker ants
  A killer bee zombie (D:6)
  A worker ant zombie (D:9)
  2 howler monkey zombies
  8 gnolls
  10 adders
  A shadow imp (D:6)
  3 white imps
  3 ufetubi
  2 oozes
  An adder zombie (D:8)
  A worm (D:2)
  A dart slug (D:3)
  4 leopard geckos
  72 orcs
  A ball python (D:2)
  4 giant cockroaches
  13 goblins
  13 hobgoblins
  5 jackals
  5 quokkas
  8 bats
  4 frilled lizards
  A giant cockroach zombie (D:5)
  A jackal skeleton (D:6)
  20 kobolds
  2 leopard gecko skeletons
  8 rats
336 creatures vanquished.

Vanquished Creatures (others)
  A sky beast (D:9)
  A kobold (D:9)
2 creatures vanquished.

Grand Total: 338 creatures vanquished

Notes
Turn   | Place    | Note
-------+----------+-------------------------------------------
     0 | D:1      | Morbidden the Demonspawn Fighter began the quest for the
                  | Orb.
     0 | D:1      | Reached XP level 1. HP: 18/18 MP: 1/1
    58 | D:1      | Gained mutation: You sometimes gain a little power by
                  | taking damage. [demonic ancestry]
    58 | D:1      | Reached XP level 2. HP: 6/24 MP: 2/2
   793 | D:1      | Reached XP level 3. HP: 27/29 MP: 3/3
  1244 | D:2      | Gained mutation: When seriously injured, your bleeding
                  | wounds create armour. (AC +9) [demonic ancestry]
  1244 | D:2      | Reached XP level 4. HP: 34/36 MP: 4/4
  1996 | D:3      | Found a glowing golden altar of the Shining One.
  2207 | D:3      | Gained mutation: When seriously injured, your bleeding
                  | wounds create thick armour. (AC +9) [demonic ancestry]
  2207 | D:3      | Reached XP level 5. HP: 39/42 MP: 5/5
  2359 | D:3      | You fall into a shaft and drop 2 floors!
  2359 | D:5      | Entered Level 5 of the Dungeon
  2586 | D:5      | Noticed Grinder
  2595 | D:5      | Paralysed by Grinder for 2 turns
  2599 | D:5      | Paralysed by Grinder for 7 turns
  2611 | D:5      | Killed Grinder
  2612 | D:5      | Reached skill level 1 in Throwing
  2612 | D:5      | Reached skill level 1 in Dodging
  2612 | D:5      | Reached XP level 6. HP: 14/48 MP: 6/6
  3018 | D:5      | Found a shadowy altar of Dithmenos.
  3329 | D:5      | Found a bloodstained altar of Trog.
  3355 | D:5      | Reached skill level 5 in Long Blades
  3355 | D:5      | Reached XP level 7. HP: 36/54 MP: 0/7
  3552 | D:5      | Found a radiant altar of Vehumet.
  3579 | D:5      | Became a worshipper of Vehumet
  4164 | D:4      | Noticed Edmund
  4207 | D:4      | Killed Edmund
  4208 | D:4      | Reached skill level 1 in Spellcasting
  4936 | D:4      | Noticed Blork the orc
  4945 | D:4      | Killed Blork the orc
  4978 | D:4      | Noticed Sigmund
  5020 | D:4      | Killed Sigmund
  5021 | D:4      | Reached XP level 8. HP: 34/61 MP: 8/10
  5203 | D:4      | Noticed Eustachio
  5230 | D:4      | Killed Eustachio
  5443 | D:3      | Reached skill level 5 in Fighting
  5868 | D:6      | Reached * piety under Vehumet
  5868 | D:6      | Offered knowledge of Shock by Vehumet.
  5872 | D:6      | Learned a level 1 spell: Shock
  6840 | D:6      | Found a sacrificial altar of Ru.
  7325 | D:6      | Reached skill level 1 in Conjurations
  7325 | D:6      | Reached skill level 1 in Air Magic
  7452 | D:6      | Reached XP level 9. HP: 60/68 MP: 12/12
  7775 | D:7      | Reached skill level 1 in Stealth
  7828 | D:7      | Found a staircase to the Ecumenical Temple.
  7944 | D:7      | Offered knowledge of Searing Ray by Vehumet.
  8031 | D:7      | Reached ** piety under Vehumet
  8664 | D:7      | Found Hufaluek's Book Emporium.
  8664 | D:7      | Found an ancient bone altar of Kikubaaqudgha.
  8701 | D:7      | You fall into a shaft and drop 3 floors!
  8701 | D:10     | Entered Level 10 of the Dungeon
  9227 | D:10     | Reached skill level 5 in Shields
  9412 | D:10     | Identified the +2 hunting sling of the Grave {venom, *Slow
                  | Int+5} (You found it on level 10 of the Dungeon)
  9749 | D:10     | Learned a level 2 spell: Searing Ray
 10151 | D:9      | Noticed a two-headed ogre
 10169 | D:9      | Killed a two-headed ogre
 10169 | D:9      | Offered knowledge of Mephitic Cloud by Vehumet.
 10170 | D:9      | Reached skill level 5 in Armour
 10170 | D:9      | Gained mutation: You sometimes gain power by taking damage.
                  | [demonic ancestry]
 10170 | D:9      | Reached XP level 10. HP: 8/77 MP: 15/15
 11403 | D:9      | Noticed Pikel
 11460 | D:8      | Found a flagged portal.
 11479 | D:8      | Reached *** piety under Vehumet
 11548 | Bailey   | Entered a bailey
 11663 | Bailey   | Offered knowledge of Static Discharge by Vehumet.
 12225 | Bailey   | HP: 2/77 [orc warrior/+0 glaive (20)]
 13054 | Bailey   | Got a jewelled scale mail
 13066 | Bailey   | Identified the cursed +1 scale mail of the Well-Known Runes
                  | {rElec rN+ Dex+3} (You found it in a bailey)
 13475 | D:8      | Reached **** piety under Vehumet
 13476 | D:8      | Reached skill level 5 in Spellcasting
 13744 | D:8      | Offered knowledge of Fulminant Prism by Vehumet.
 13839 | D:8      | Noticed an elephant
 13905 | D:7      | Gained mutation: You are partially covered in sharp spines.
                  | [demonic ancestry]
 13905 | D:7      | Reached XP level 11. HP: 48/83 MP: 18/18
 13964 | D:7      | Reached skill level 5 in Conjurations
 14398 | D:7      | Found an opulent altar of Gozag.
 14538 | D:8      | Found a staircase to the Lair.
 14760 | D:8      | Killed Pikel
 15548 | D:9      | Reached ***** piety under Vehumet
 15548 | D:9      | Offered knowledge of Iron Shot by Vehumet.
 15556 | D:9      | Learned a level 6 spell: Iron Shot
 15562 | D:9      | Found a staircase to the Orcish Mines.
 15649 | D:9      | Found a stormy altar of Qazlal.
 15650 | D:9      | Found a shimmering altar of Xom.
 16085 | D:11     | Reached skill level 1 in Earth Magic
 16172 | D:11     | Found a white marble altar of Elyvilon.
 16451 | D:11     | Noticed a two-headed ogre
 16515 | D:11     | Killed a two-headed ogre
 16681 | D:11     | Noticed Grum
 16718 | D:11     | Killed Grum
 16938 | D:12     | Noticed Maurice
 16938 | D:12     | Noticed a two-headed ogre
 16958 | D:12     | Killed a two-headed ogre
 16973 | D:12     | HP: 4/84 [something (10)]
 16977 | D:12     | Slain by a vampire

Illustrated notes

Levels and vault maps discovered:
D:1:      onia_arrival_mini_maze, layout_rooms
D:2:      layout_loops_corners, minmay_misc_feat_x, minmay_heptomino_o4
D:3:      layout_basic, general_overflow_altar
D:4:      layout_basic, uniq_edmund, uniq_blork_the_orc, uniq_sigmund,
          uniq_eustachio
D:5:      layout_basic, trog_eyes_of_draining, old_standard_altar,
          fiery_altar_vehumet, uniq_grinder
D:6:      layout_basic, nicolae_ru_awakened_eye, grunt_ministairs_13,
          minmay_misc_feat_enclosed
D:7:      layout_gridville, kiku_gazebo_pond_becter, kennysheep_mini,
          minmay_temple_entry_statues, serial_shops, shop, sigmund_army
D:8:      layout_cave_pools, david_lair_generic, enter_bailey_8
D:9:      layout_rooms, gammafunk_temple_overflow_statue, erik_orc_4,
          st_stairs_10, uniq_pikel
D:10:     layout_cave_pools
D:11:     layout_long_grid, basic_altar, uniq_grum
D:12:     layout_basic, nrook_mini_vaults, uniq_maurice

Skill      XL: |  1  2  3  4  5  6  7  8  9 10 11 |
---------------+----------------------------------+-----
Long Blades    | 2 3 4 5 6 7 8 |  8.6
Shields        | 3 4 5 6 8 |  8.0
Armour         | 3 4 5 |  5.3
Fighting       | 4 5 6 7 |  7.4
Throwing       | 1 2 |  2.7
Dodging        | 1 2 3 4 |  4.8
Spellcasting   | 1 2 3 5 6 |  6.0
Conjurations   | 1 3 4 6 |  6.1
Air Magic      | 1 2 3 |  3.6
Stealth        | 1 |  1.7
Earth Magic    | 1 |  1.9

Action                   |  1- 3 |  4- 6 |  7- 9 | 10-12 || total
-------------------------+-------+-------+-------+-------++-------
Melee: Long sword        |   114 |   168 |   637 |   552 ||  1471
       Scimitar          |       |       |       |    11 ||    11
Throw: Dart              |     3 |       |    12 |    59 ||    74
       Javelin           |       |    15 |    10 |    24 ||    49
       Boomerang         |       |       |       |    28 ||    28
 Cast: Shock             |       |       |     1 |    30 ||    31
       Searing Ray       |       |       |       |    37 ||    37
  Use: Scroll            |       |     2 |     7 |    11 ||    20
       Potion            |       |     1 |     4 |     5 ||    10
 Stab: Sleeping          |       |       |       |     1 ||     1
Armor: Scale mail        |    78 |    71 |   259 |     8 ||   416
       Troll leather arm |       |       |       |   147 ||   147
Dodge: Dodged            |    44 |    51 |   139 |   222 ||   456
Block: Kite shield       |    79 |    76 |   312 |       ||   467
       Reflection        |       |       |    23 |     9 ||    32
       Tower shield      |       |       |   212 |   877 ||  1089
       Rpst.: Long sword |    11 |    17 |    52 |    40 ||   120
       Scimitar          |       |       |       |     2 ||     2

Table legend: (Time is in decaauts)
 A = Elapsed time spent in this place.
 B = Non-inter-level travel time spent in this place.
 C = Inter-level travel time spent in this place.
 D = Time resting spent in this place.
 E = Time spent auto-exploring this place.
 F = Levels seen in this place.
 G = Mean time per level.
                   A        B        C        D        E       F      G
               +--------+--------+--------+--------+--------+-----+--------+
         Total |  17289 |  16970 |    319 |   3048 |   9841 |  13 | 1329.9 |
       Dungeon |  15420 |  15101 |    319 |   2539 |   9323 |  12 | 1285.0 |
        Bailey |   1869 |   1869 |      0 |    509 |    518 |   1 | 1869.0 |
               +--------+--------+--------+--------+--------+-----+--------+

Top non-repeatable levels by time:
     D:6: 2339 daAuts
  Bailey: 1869 daAuts
     D:9: 1838 daAuts
     D:8: 1562 daAuts
     D:5: 1556 daAuts
     D:4: 1507 daAuts
    D:11: 1421 daAuts
     D:7: 1204 daAuts
     D:2: 1066 daAuts
    D:10: 1010 daAuts
     D:3: 928 daAuts
     D:1: 875 daAuts
    D:12: 111 daAuts
